AoeStats
← MCGooser

Yucatan

510593828Analyzed
4v4 RM · 1d ago on Oct 1, 2026· 51m 54s· 8 players
Game mode
Random Map
Map size
Large (8 player)
Population
200
Speed
Normal
Resources
Standard
Victory
Conquest
Starting age
Dark Age
Ending age
Imperial Age
RankedLock teamsTeams togetherTeam positionsShared explorationLock speedFull tech treeHidden civsTurbo modeCheats
Victory
Defeat
🇦🇷 Varangians · Argentina
893
+17
🇹🇷 Turks · Türkiye
889
+17
🇦🇷 Danes · Argentina
851
+19
🇺🇾 Persians · Uruguay
794
+21
🇫🇷 Italians · France
986
-22
🇷🇺 Mongols · Russia
898
-18
🇫🇷 Spanish · France
886
-17
🇫🇷 Vietnamese · France
880
-17
QueMatracaAriel
7:41 Loom
11:38 Feudal Age
12:39 Double-Bit Axe
21:55 Castle Age
19:38 Horse Collar
20:50 Bloodlines
21:36 Scale Barding Armor
21:45 Gold Mining
23:03 Heavy Plow
25:31 Husbandry
27:52 Wheelbarrow
28:16 Forging
30:52 Hand Cart
30:05 Light Cavalry
32:37 Bow Saw
34:55 Fletching
35:43 Iron Casting
43:06 Imperial Age
41:01 Chain Barding Armor
45:41 Conscription
44:46 Elite Jarl
46:50 Blast Furnace
45:54 Scale Mail Armor
45:50 Gothikon
46:07 Elite Varangian Guard
46:49 Squires
46:36 Arson
47:22 Town Watch
48:07 Gothikon
50:15 Chain Mail Armor
51:50 Plate Mail Armor
Sole
0:27 Loom
12:47 Feudal Age
20:21 Castle Age
19:12 Stone Mining
19:36 Double-Bit Axe
19:34 Horse Collar
22:07 Bow Saw
26:55 Wheelbarrow
28:07 Gold Mining
29:32 Fortified Wall
31:16 Gold Shaft Mining
31:59 Fishing Lines
35:30 Imperial Age
33:08 Fletching
34:54 Padded Archer Armor
37:08 Conscription
37:41 Heavy Plow
38:22 Ballistics
39:10 Bodkin Arrow
43:46 Caravan
43:50 Bracer
44:06 Leather Archer Armor
44:35 Gillnets
45:16 Hand Cart
45:18 Artillery
47:16 Elite Janissary
52:53 Ring Archer Armor
52:34 Forging
JoaKo_uy
10:31 Loom
13:11 Feudal Age
15:45 Double-Bit Axe
15:43 Horse Collar
21:40 Castle Age
21:34 Wheelbarrow
25:54 Town Watch
26:34 Hand Cart
27:30 Bow Saw
27:31 Heavy Plow
29:55 Town Patrol
30:03 Gold Mining
30:24 Scale Barding Armor
30:32 Forging
32:41 Bloodlines
32:34 Husbandry
33:00 Chain Barding Armor
33:27 Iron Casting
33:07 Pikeman
35:06 Fletching
39:01 Bodkin Arrow
43:39 Gold Shaft Mining
42:59 Stone Mining
45:42 Imperial Age
49:15 Cavalier
49:19 Heavy Camel Rider
50:39 Plate Barding Armor
51:05 Blast Furnace
50:39 Crop Rotation
51:12 Two-Man Saw
51:49 Conscription
SHEGO
0:27 Loom
13:22 Feudal Age
13:50 Double-Bit Axe
13:46 Horse Collar
13:59 Gold Mining
14:00 Stone Mining
19:22 Castle Age
17:57 Fishing Lines
20:46 Heavy Plow
21:03 Bow Saw
25:56 Gold Shaft Mining
25:56 Stone Shaft Mining
26:22 Forging
26:13 Scale Mail Armor
26:15 Caravan
26:27 Fletching
26:36 Gillnets
27:58 Wheelbarrow
27:09 Town Watch
29:37 Hand Cart
29:22 Town Patrol
29:41 Bodkin Arrow
32:06 Fervor
32:37 Town Patrol
34:00 Arson
34:15 Squires
35:40 Iron Casting
35:20 Chain Mail Armor
34:58 Pikeman
35:23 Gambesons
39:20 Masonry
39:06 Murder Holes
39:32 Ballistics
42:20 Imperial Age
40:26 Ballistics
40:02 Murder Holes
40:50 Chain Mail Armor
40:02 Hamask
44:06 Blast Furnace
43:37 Plate Mail Armor
43:43 Plate Mail Armor
43:38 Conscription
44:30 Bracer
45:08 Hoardings
44:35 Elite Varangian Guard
46:53 Chemistry
45:59 Siege Engineers
47:01 Elite Jomsviking
Patapé !
5:33 Loom
11:02 Feudal Age
11:31 Double-Bit Axe
11:52 Town Watch
14:49 Horse Collar
18:12 Castle Age
20:43 Bow Saw
21:22 Scale Barding Armor
21:28 Forging
21:22 Husbandry
28:13 Wheelbarrow
27:55 Town Patrol
28:11 Heavy Plow
30:06 Iron Casting
33:33 Hand Cart
37:12 Imperial Age
36:30 Bloodlines
38:21 Chain Barding Armor
38:34 Conscription
37:53 Cavalier
43:10 Blast Furnace
42:46 Plate Barding Armor
43:35 Supremacy
47:34 Paladin
48:14 Gold Mining
48:15 Stone Mining
49:48 Scale Mail Armor
zebav
4:18 Loom
13:55 Feudal Age
14:33 Double-Bit Axe
20:19 Castle Age
19:26 Horse Collar
21:55 Bow Saw
21:47 Heavy Plow
22:14 Crossbowman
26:20 Thumb Ring
34:51 Pikeman
37:04 Husbandry
38:56 Town Watch
42:29 Imperial Age
41:22 Bloodlines
41:19 Scale Barding Armor
42:42 Wheelbarrow
45:50 Scale Mail Armor
46:01 Forging
48:37 Hand Cart
50:26 Chain Barding Armor
50:42 Iron Casting
50:10 Padded Archer Armor
50:01 Fletching
50:27 Chain Mail Armor
MCGooser
5:57 Loom
13:12 Feudal Age
14:19 Double-Bit Axe
17:20 Castle Age
15:54 Horse Collar
17:47 Pikeman
20:45 Heavy Plow
24:16 Gold Mining
24:39 Bow Saw
28:44 Forging
35:28 Imperial Age
36:26 Cavalier
38:01 Elite Steppe Lancer
38:47 Scale Mail Armor
nosh
3:40 Loom
10:28 Feudal Age
18:06 Castle Age
16:04 Double-Bit Axe
17:37 Horse Collar
17:53 Stone Mining
17:59 Fletching
18:10 Padded Archer Armor
19:52 Wheelbarrow
19:35 Bow Saw
26:50 Hand Cart
29:37 Bodkin Arrow
29:58 Leather Archer Armor
31:26 Heavy Plow
36:33 Imperial Age
34:21 Town Watch
34:52 Forging
34:43 Scale Mail Armor
35:40 Silk Road
38:56 Conscription
39:28 Caravan
39:59 Bracer
40:29 Ring Archer Armor
41:39 Pirotechnia
40:52 Elite Genoese Crossbowman
42:53 Chemistry
42:16 Ballistics
42:56 Chemistry
42:15 Chain Mail Armor
42:35 Iron Casting
Connection lost

Rejoining the realm…

Still unreachable

The connection could not be restored.

Session expired

The server has moved on; the page needs a fresh start.